 Dungeon Sprint DCSS version 0.27-a0-1500-g450c7e4133 (webtiles) character file.

Game seed: 8838435847261128449

5952 howech the Stickfighter (level 10, -2/95 HPs)
             Began as a Minotaur Gladiator on July 7, 2021.
             Was the Champion of Trog.
             Slain by a deep troll (8 damage)
             ... in the Dungeon (Sprint VII: "The Pits").
             The game lasted 00:07:21 (2074 turns).

howech the Stickfighter (Minotaur Gladiator)        Turns: 2074, Time: 00:07:21

Health: -2/95      AC: 17    Str: 20    XL:     10   Next: 54%
Magic:  9/9        EV: 12    Int:  8    God:    Trog [******]
Gold:   0          SH:  0    Dex: 14    Spells: 9/9 levels left

rFire    . . .     SeeInvis .   u - +5 lajatang (flame)
rCold    . . .     Faith    .   (shield currently unavailable)
rNeg     . . .     Spirit   .   m - +3 chain mail
rPois    .         Reflect  .   c - +0 hat
rElec    .         Harm     .   (no cloak)
rCorr    .         Rampage  .   (no gloves)
Will     .....     NoTele   +   (no boots)
Stlth    ..........             (no amulet)
HPRegen  0.25/turn              o - +3 ring of intelligence
MPRegen  0.11/turn              p - +3 ring of protection

@: slowed, very slow
A: horns 2, retaliatory headbutt
a: Renounce Religion, Berserk, Trog's Hand, Brothers in Arms


You were in the Dungeon.
You worshipped Trog.
Trog was exalted by your worship.
You visited 1 branch

Inventory:

Hand Weapons
 a - a +0 quarterstaff
 d - a +1 quarterstaff of speed
 k - a +2 quarterstaff
 n - a +4 vorpal quarterstaff
 r - a +4 quarterstaff of speed
 t - a +4 scimitar of flaming
 u - a +5 lajatang of flaming (weapon)
Armour
 b - a +0 leather armour
 c - a +0 hat (worn)
 m - a +3 chain mail (worn)
Jewellery
 o - a +3 ring of intelligence (left hand)
 p - a +3 ring of protection (right hand)
Scrolls
 j - a scroll of blinking
Potions
 e - 7 potions of curing
 f - 7 potions of heal wounds
 g - 4 potions of haste
 h - 4 potions of magic
 i - 4 potions of berserk rage
 l - 2 potions of invisibility
 q - a potion of might
 s - a potion of mutation {unknown}


   Skills:
 + Level 11.0 Fighting
 + Level 10.7 Axes
 * Level 15.0 Staves
 + Level 9.4 Throwing
 + Level 10.8 Armour
 + Level 10.5 Dodging
 + Level 8.3 Evocations


You had 9 spell levels left.
You didn't know any spells.
Your spell library was empty.

Dungeon Overview and Level Annotations

Branches:
Dungeon (1/1)

Altars:
Cheibriados
Dithmenos
Elyvilon
Fedhas
Gozag
Hepliaklqana
Makhleb
Nemelex Xobeh
Okawaru
Qazlal
Ru
Sif Muna
Trog
Vehumet
Wu Jian
Xom
Yredelemnul
Zin
The Shining One
Beogh
Jiyva
Lugonu


Innate Abilities, Weirdness & Mutations

You have a pair of horns on your head.
You reflexively headbutt those who attack you in melee.


Message History

Your Staves skill increases to level 15!
You feel sick. The adder zombie barely misses you. You furiously retaliate!
You headbutt the adder zombie, but do no damage.
You slash the adder zombie! You burn the adder zombie.
You destroy the adder zombie!
Trog accepts your kill.
You feel sick.
You feel sick.
Unknown command.
You start resting.
You feel sick. x4
You are no longer poisoned.
There is an open door here.
You open the door.
There is an open door here.
You open the door.
There is an open door here.
You open the door.
A deep troll and a bog body come into view.
The bog body gestures at you while chanting.
You feel yourself slow down.
The deep troll bites you but does no damage.
The deep troll claws you but does no damage. x2
There is an open door here.
You closely miss the deep troll.
You headbutt the deep troll, but do no damage.
The bog body touches you! The bog body freezes you!! The deep troll bites you!
The deep troll claws you!
* * * LOW HITPOINT WARNING * * *
The deep troll claws you!
* * * LOW HITPOINT WARNING * * *
The bog body gestures at you while chanting.
You feel as though you will be slow longer.
The deep troll bites you.
* * * LOW HITPOINT WARNING * * *
The deep troll barely misses you. The deep troll completely misses you.
Unknown command.
You barely miss the deep troll. The deep troll bites you!
* * * LOW HITPOINT WARNING * * *
The deep troll claws you!
You die...

#.......##...##...##..##...#
#...<...###.).##'##..###...+
#.......# ##..........##...#
#.......###..###'###...##+##
#.......##..##.....##..#
##########.['.......+รท.+
##########..##.....##..#
...#..[[###..###'###...##+##
...#..[[# ##....@.....##...#
...'..))# #...##T##..###...+
...#!.))##...##.n.##..##...#
...#...)##..###...###.))...#
############ ##### ########


You could see a deep troll and a bog body.

Vanquished Creatures
  A great orb of eyes (D)
  Erica (D)
  A large abomination (D)
  A molten gargoyle (D)
  An orange demon (D)
  A komodo dragon (D)
  A guardian mummy (D)
  An efreet (D)
  An ice devil (D)
  A troll (D)
  A polar bear (D)
  3 blink frogs (D)
  A flying skull (D)
  A shadow (D)
  A wraith (D)
  2 fire bats (D)
  A sky beast (D)
  A black bear (D)
  An ice beast (D)
  A phantom (D)
  A kobold brigand (D)
  2 scorpions (D)
  A gnoll sergeant (D)
  2 jellies (D)
  A hell rat (D)
  2 mummies (D)
  3 gnolls (D)
  An adder (D)
  A river rat (D)
  An ufetubus (D)
  An adder zombie (D)
  An orc (D)
  An endoplasm (D)
  A goblin (D)
  A ball python (D)
  A ball python skeleton (D)
  A frilled lizard (D)
45 creatures vanquished.

Vanquished Creatures (collateral kills)
  A blink frog (D)
1 creature vanquished.

Grand Total: 46 creatures vanquished

Notes
Turn   | Place    | Note
-------+----------+-------------------------------------------
     0 | D        | howech the Minotaur Gladiator began the quest for the Orb.
     0 | D        | Reached XP level 1. HP: 18/18 MP: 0/0
    19 | D        | Reached skill level 1 in Axes
    19 | D        | Reached skill level 4 in Staves
    19 | D        | Reached skill level 1 in Armour
    37 | D        | Found a glowing golden altar of the Shining One.
    37 | D        | Found a glowing silver altar of Zin.
    37 | D        | Found a basalt altar of Yredelemnul.
    37 | D        | Found a shimmering altar of Xom.
    37 | D        | Found an ornate altar of the Wu Jian Council.
    37 | D        | Found a bloodstained altar of Trog.
    37 | D        | Found a shimmering blue altar of Sif Muna.
    37 | D        | Found a sacrificial altar of Ru.
    37 | D        | Found a stormy altar of Qazlal.
    37 | D        | Found an iron altar of Okawaru.
    37 | D        | Found a sparkling altar of Nemelex Xobeh.
    37 | D        | Found a burning altar of Makhleb.
    37 | D        | Found a viscous altar of Jiyva.
    37 | D        | Found a hazy altar of Hepliaklqana.
    37 | D        | Found an opulent altar of Gozag.
    37 | D        | Found a blossoming altar of Fedhas.
    37 | D        | Found a white marble altar of Elyvilon.
    37 | D        | Found a shadowy altar of Dithmenos.
    37 | D        | Found a snail-covered altar of Cheibriados.
    39 | D        | Found a corrupted altar of Lugonu.
    39 | D        | Found a radiant altar of Vehumet.
    40 | D        | Became a worshipper of Trog the Wrathful
   227 | D        | Reached skill level 1 in Evocations
   227 | D        | Reached XP level 2. HP: 18/25 MP: 1/1
   312 | D        | Noticed a scorpion
   316 | D        | Reached * piety under Trog
   321 | D        | Killed a scorpion
   322 | D        | Reached skill level 6 in Staves
   322 | D        | Reached XP level 3. HP: 33/33 MP: 2/2
   322 | D        | Reached XP level 4. HP: 40/40 MP: 3/3
   426 | D        | Noticed a gnoll sergeant
   439 | D        | Reached ** piety under Trog
   449 | D        | Killed a gnoll sergeant
   450 | D        | Reached skill level 7 in Staves
   450 | D        | Reached skill level 5 in Dodging
   450 | D        | Reached XP level 5. HP: 17/47 MP: 4/4
   455 | D        | Reached skill level 5 in Fighting
   474 | D        | Reached *** piety under Trog
   475 | D        | Reached skill level 5 in Axes
   475 | D        | Reached skill level 8 in Staves
   652 | D        | Noticed a fire bat
   652 | D        | Noticed a black bear
   665 | D        | Killed a black bear
   666 | D        | Reached skill level 5 in Armour
   666 | D        | Reached XP level 6. HP: 23/57 MP: 5/5
   668 | D        | Killed a fire bat
   669 | D        | Reached skill level 9 in Staves
   669 | D        | Reached skill level 5 in Throwing
   791 | D        | Reached **** piety under Trog
   794 | D        | Noticed an ice beast
   802 | D        | Killed an ice beast
   803 | D        | Reached XP level 7. HP: 56/64 MP: 6/6
   816 | D        | Reached skill level 10 in Staves
   817 | D        | Noticed a polar bear
   825 | D        | Killed a polar bear
   826 | D        | Reached skill level 5 in Evocations
   828 | D        | Noticed a fire bat
   828 | D        | Noticed a flying skull
   833 | D        | Reached ***** piety under Trog
   845 | D        | Killed a flying skull
   846 | D        | Reached skill level 11 in Staves
   846 | D        | Reached XP level 8. HP: 41/74 MP: 7/7
  1052 | D        | Noticed a komodo dragon
  1069 | D        | Killed a komodo dragon
  1069 | D        | Received a gift from Trog
  1070 | D        | Reached skill level 12 in Staves
  1172 | D        | Noticed a great orb of eyes
  1179 | D        | Noticed a molten gargoyle
  1187 | D        | Killed a great orb of eyes
  1188 | D        | Reached XP level 9. HP: 46/83 MP: 8/8
  1195 | D        | Killed a molten gargoyle
  1196 | D        | Reached skill level 13 in Staves
  1332 | D        | Noticed a guardian mummy
  1332 | D        | Noticed Erica
  1341 | D        | Killed a guardian mummy
  1358 | D        | Killed Erica
  1359 | D        | Reached skill level 10 in Fighting
  1363 | D        | Noticed an ice devil
  1369 | D        | Noticed a troll
  1383 | D        | Killed a troll
  1384 | D        | Reached skill level 14 in Staves
  1384 | D        | Reached skill level 10 in Armour
  1384 | D        | Reached XP level 10. HP: 34/93 MP: 9/9
  1387 | D        | Reached skill level 10 in Axes
  1387 | D        | Received a gift from Trog
  1388 | D        | Reached skill level 10 in Dodging
  1722 | D        | Noticed a large abomination
  1727 | D        | Killed a large abomination
  1727 | D        | Reached ****** piety under Trog
  2047 | D        | Noticed an orange demon
  2052 | D        | Killed an orange demon
  2053 | D        | Reached skill level 15 in Staves
  2070 | D        | Noticed a deep troll
  2070 | D        | Noticed a bog body
  2074 | D        | Slain by a deep troll

Illustrated notes

Levels and vault maps discovered:
D:        pitsprint [storerooms_1, entrance_room_1, metal_vault_5, armoury_1,
          mini_pit_1, grid_room_1, main_hall_1, silver_pit, the_coven_1,
          the_vestibule_1, steel_vault_1, golden_pit, hallway_of_sentries,
          crystal_vault_5, iron_vault_2, final_vault]

Skill      XL: |  1  2  3  4  5  6  7  8  9 10 |
---------------+-------------------------------+-----
Axes           | 1 3 4 5 6 7 9 10 | 10.7
Staves         | 4 6 7 8 9 11 12 14 15 | 15.0
Armour         | 1 3 4 5 6 7 9 10 | 10.8
Evocations     | 1 2 3 4 5 6 7 8 |  8.3
Fighting       | 4 6 8 9 10 11 | 11.0
Throwing       | 3 4 5 6 7 8 9 |  9.4
Dodging        | 4 5 6 7 9 10 | 10.5

Action                   |  1- 3 |  4- 6 |  7- 9 | 10-12 || total
-------------------------+-------+-------+-------+-------++-------
Melee: Quarterstaff      |    20 |    46 |    96 |     5 ||   167
       Headbutt          |     5 |    10 |    24 |    11 ||    50
       Lajatang          |       |       |       |    27 ||    27
Throw: Throwing net      |     3 |       |       |       ||     3
Invok: Trog's Hand       |       |     2 |     3 |       ||     5
       Berserk           |       |       |     1 |       ||     1
       Brothers in Arms  |       |       |     1 |       ||     1
  Use: Potion            |       |       |     3 |       ||     3
Armor: Leather armour    |     4 |     2 |       |       ||     6
       Chain mail        |       |    16 |    27 |    15 ||    58
Dodge: Dodged            |    14 |    23 |    37 |    12 ||    86

Table legend: (Time is in decaauts)
 A = Elapsed time spent in this place.
 B = Non-inter-level travel time spent in this place.
 C = Inter-level travel time spent in this place.
 D = Time resting spent in this place.
 E = Time spent auto-exploring this place.
 F = Levels seen in this place.
 G = Mean time per level.
                   A        B        C        D        E       F      G
               +--------+--------+--------+--------+--------+-----+--------+
         Total |   2019 |   1976 |     43 |   1464 |      0 |   1 | 2019.0 |
       Dungeon |   2019 |   1976 |     43 |   1464 |      0 |   1 | 2019.0 |
               +--------+--------+--------+--------+--------+-----+--------+

Top non-repeatable levels by time:
       D: 2019 daAuts
